 Dungeon Crawl Stone Soup version 0.20-a0-492-g6327889 (webtiles) character file.

17245 useraccount the Carver (level 11, -4/103 HPs)
             Began as a Demigod Fighter on Jan 15, 2017.
             Slain by a harpy (15 damage)
             ... summoned by Kirke
             ... on level 12 of the Dungeon.
             The game lasted 00:19:33 (12581 turns).

useraccount the Carver (Demigod Fighter)           Turns: 12581, Time: 00:19:33

Health: -4/103     AC:  0    Str: 25    XL:     11   Next: 89%
Magic:  14/14      EV: 20    Int: 14    God:
Gold:   1123       SH:  0    Dex: 17    Spells: 10/10 levels left

rFire    . . .     SeeInvis .   (weapon currently unavailable)
rCold    . . .     Gourm    .   (armour currently unavailable)
rNeg     . . .     Faith    .   (shield currently unavailable)
rPois    .         Spirit   .   (helmet currently unavailable)
rElec    .         Reflect  .   (cloak currently unavailable)
rCorr    .         Harm     .   (gloves currently unavailable)
MR       +....                  (boots currently unavailable)
Stlth    ++........             u - amulet of regeneration
Regen    0.6/turn               (ring currently unavailable)
                                (ring currently unavailable)

@: pig-form, very quick
A: clever 1, high mp 1, robust 1, strong 1
a: no special abilities


You were on level 12 of the Dungeon.
You were not hungry.
You were a filthy swine.
You visited 1 branch of the dungeon, and saw 12 of its levels.
You also visited: Ossuary.

You collected 1123 gold pieces.

Inventory:

Hand Weapons
 a - a cursed +4 long sword (melded)
 b - a +0 dagger of draining
 h - a +0 dagger of venom
 I - a +3 falchion
Missiles
 n - 4 throwing nets (quivered)
Armour
 g - a +1 helmet (melded)
 x - the +1 pair of gloves of Tender Moments {MR- Str+7}
   (You found it on level 4 of the Dungeon)

   It affects your strength (+7).
   It affects your resistance to hostile enchantments.
 F - a +0 pair of boots (melded)
 L - a cursed +0 shield (melded)
 S - a +2 chain mail of poison resistance (melded)
Jewellery
 e - a +5 ring of dexterity
 p - an uncursed ring of magical power
 t - a ring of protection from magic (melded)
 u - an amulet of regeneration (around neck)
 w - an uncursed ring of ice
 G - a cursed ring of protection from fire (melded)
Wands
 d - a wand of paralysis (3/24)
 j - a wand of iceblast (10/15)
 N - a wand of polymorph (6/24)
 O - a wand of flame (6/48)
 P - a wand of disintegration (24/24)
Scrolls
 k - 4 scrolls of identify
 m - a scroll of fear
 o - a scroll of blinking
 y - 3 scrolls of recharging
 D - 5 scrolls of teleportation
Potions
 c - a potion of heal wounds
 s - 3 potions of flight
 v - a potion of agility
 z - 2 potions of magic
 A - 4 potions of curing
 B - 5 potions of cure mutation
 C - 4 potions of lignification
 E - a potion of cancellation
 J - 4 potions of berserk rage
Comestibles
 f - 6 bread rations
 i - 3 slices of pizza
 l - 4 meat rations
 q - 5 beef jerkies
 r - 8 royal jellies
 H - a chunk of flesh


   Skills:
 + Level 8.0 Fighting
 * Level 11.0 Long Blades
 + Level 8.0 Armour
 + Level 7.5 Dodging
 + Level 8.0 Shields


You had 10 spell levels left.
You didn't know any spells.

Dungeon Overview and Level Annotations

Branches:
Dungeon (12/15)            Temple (0/1) D:5            Lair (0/6) D:10
    Orc (0/2) D:11

Shops:
D:4 [

Annotations:
D:10 exclusion: oklob plant
D:12 Kirke


Innate Abilities, Weirdness & Mutations

You have an increased reservoir of magic. (+10% MP)
Your mind is acute. (Int +2)
You are robust. (+10% HP)
Your muscles are strong. (Str +2)


Message History

Your cursed ring of protection from fire melds into your body.
You no longer feel resistant to poison.
The hog misses you. The hog bites you.
You hit Kirke.
Kirke is moderately wounded.
The harpy misses you. The harpy completely misses you. The harpy claws you!
The harpy barely misses you. The hog misses you. Kirke hits you.
The hog completely misses you.
You hit Kirke.
Kirke is moderately wounded.
The harpy claws you!!
* * * LOW HITPOINT WARNING * * *
The harpy barely misses you. The harpy misses you.
The harpy closely misses you. The harpy claws you!
* * * LOW HITPOINT WARNING * * *
The harpy closely misses you. The hog completely misses you.
The hog closely misses you.
You hit Kirke.
Kirke is moderately wounded.
The harpy completely misses you. x2; The harpy claws you!
You die...

#####.##..#####
................ #####.#
..# ... .###+###.......#
...##.# ..' #...#.#
#...'.#.....# ...##.
..#.....#$# #...#.#..##.#
...# .....# #...#.#..##.+
...# ###
....####+##.......#
...#####.#
#H.........#+##...
........)# #H....#..#.#
.........# #hh...#....+
###.############@h........#
..#.# ..@..hh....###+##
#.#.# #....h####.# #.###


hh.... ..# ..... .....# #### ..... #.... ..... ..... ##### #... You could see
Kirke, 2 harpies and 5 hogs.

Vanquished Creatures
  Gastronok (D:8)
  Josephine (D:12)
  Harold (D:10)
  A centaur warrior (D:12)
  A two-headed ogre (D:8)
  Sonja (D:10)
  Nergalle (D:10)
  Pikel (D:4)
  An ugly thing (D:8)
  A cyclops (D:10)
  A manticore (D:11)
  Joseph (D:8)
  A queen bee (D:12)
  A troll (D:10)
  A slime creature (D:9)
  A hippogriff (D:10)
  3 yaks
  5 wraiths (D:12)
  2 hungry ghosts
  A vampire mosquito (D:9)
  Duvessa (D:7)
  4 ice beasts
  3 sky beasts (D:10)
  4 orc warriors
  An eye of draining (D:10)
  2 phantoms
  A necrophage (D:7)
  4 ogres
  A crocodile (D:10)
  5 centaurs
  4 big kobolds (D:5)
  13 bullfrogs
  Dowan (D:7)
  3 scorpions
  10 wights
  3 howler monkeys
  15 killer bees
  7 crimson imps
  3 bullfrog zombies (Ossuary)
  2 centaur zombies
  2 jellies
  3 hounds
  3 orc priests
  2 centaur skeletons
  15 orc wizards
  4 iguanas
  12 worker ants
  A hound zombie (Ossuary)
  A hound skeleton (D:7)
  16 mummies (Ossuary)
  2 howler monkey zombies (Ossuary)
  Robin (D:3)
  2 worker ant zombies (Ossuary)
  10 adders
  4 gnolls
  2 shadow imps
  5 oozes
  3 adder zombies (Ossuary)
  An adder skeleton (D:8)
  2 worms
  4 leopard geckos
  66 orcs
  7 bats
  19 giant cockroaches
  22 goblins
  8 hobgoblins
  57 kobolds
  4 quokkas
  5 frilled lizards
  A goblin zombie (D:6)
  A jackal skeleton (D:6)
  3 jackal zombies (Ossuary)
  2 leopard gecko skeletons
  A quokka skeleton (D:4)
  A quokka zombie (Ossuary)
  7 rats
  A rat zombie (D:6)
414 creatures vanquished.

Notes
Turn   | Place    | Note
-------+----------+-------------------------------------------
     0 | D:1      | useraccount the Demigod Fighter began the quest for the Orb.
     0 | D:1      | Reached XP level 1. HP: 18/18 MP: 3/3
   177 | D:1      | Reached skill level 2 in Long Blades
   191 | D:1      | Reached XP level 2. HP: 20/25 MP: 4/4
   853 | D:2      | Reached XP level 3. HP: 31/31 MP: 5/5
  1135 | D:2      | Found a shattered altar of Ashenzari.
  1229 | D:2      | Reached skill level 1 in Dodging
  1619 | D:2      | Reached XP level 4. HP: 38/38 MP: 6/6
  1929 | D:2      | Found a white marble altar of Elyvilon.
  2476 | D:3      | Reached skill level 3 in Long Blades
  2811 | D:4      | Noticed Robin
  2867 | D:3      | Killed Robin
  2949 | D:4      | Reached XP level 5. HP: 45/45 MP: 7/7
  3254 | D:4      | Reached XP level 6. HP: 45/51 MP: 8/8
  3298 | D:4      | Reached skill level 4 in Long Blades
  3299 | D:4      | Found Zedameud's Antique Armour Shop.
  3322 | D:4      | Noticed Pikel
  3349 | D:4      | Killed Pikel
  3349 | D:4      | Reached skill level 5 in Long Blades
  3349 | D:4      | Reached XP level 7. HP: 53/59 MP: 9/9
  3686 | D:4      | Got a pair of smoking gloves
  3700 | D:4      | Identified the +1 pair of gloves of Tender Moments {MR- Str+7} (You found it on level 4 of the Dungeon)
  3752 | D:5      | Entered Level 5 of the Dungeon
  3786 | D:5      | Found a staircase to the Ecumenical Temple.
  3875 | D:5      | Found a shimmering altar of Xom.
  4529 | D:5      | Reached XP level 8. HP: 57/67 MP: 10/10
  4930 | D:5      | Reached skill level 6 in Long Blades
  5177 | D:6      | Reached skill level 5 in Armour
  5385 | D:6      | Found a sand-covered staircase.
  5396 | Ossuary  | Entered an ossuary
  5458 | Ossuary  | Reached skill level 5 in Fighting
  5579 | Ossuary  | Reached skill level 5 in Shields
  6125 | D:6      | Found a burning altar of Makhleb.
  6318 | D:6      | Reached XP level 9. HP: 72/74 MP: 11/11
  6387 | D:7      | Reached skill level 7 in Long Blades
  6530 | D:7      | Noticed Duvessa
  6535 | D:7      | Killed Duvessa
  6538 | D:7      | Noticed Dowan
  6551 | D:7      | Killed Dowan
  7115 | D:7      | You fall through a shaft for 2 floors!
  7317 | D:8      | Noticed Joseph
  7579 | D:8      | Killed Joseph
  7579 | D:8      | Reached skill level 5 in Dodging
  7640 | D:8      | Reached skill level 8 in Long Blades
  7732 | D:8      | Found a snail-covered altar of Cheibriados.
  7738 | D:8      | Noticed Gastronok
  7782 | D:8      | Killed Gastronok
  7782 | D:8      | Reached XP level 10. HP: 29/84 MP: 13/13
  7975 | D:8      | Noticed a two-headed ogre
  7986 | D:8      | Killed a two-headed ogre
  7999 | D:8      | Reached skill level 9 in Long Blades
  8631 | D:9      | Noticed a brown ugly thing
  8668 | D:8      | Killed a brown ugly thing
  8774 | D:10     | Entered Level 10 of the Dungeon
  8917 | D:9      | Found a sacrificial altar of Ru.
  8996 | D:9      | Found a shadowy altar of Dithmenos.
  9133 | D:9      | Found a glowing golden altar of the Shining One.
  9133 | D:9      | Found a sparkling altar of Nemelex Xobeh.
  9288 | D:9      | Found an iron altar of Okawaru.
  9583 | D:9      | Gained mutation: Your muscles are strong. (Str +2) [potion of beneficial mutation]
  9584 | D:9      | Gained mutation: Your mind is acute. (Int +2) [potion of beneficial mutation]
  9585 | D:9      | Gained mutation: You are robust. (+10% HP) [potion of beneficial mutation]
  9632 | D:10     | Noticed Sonja
  9633 | D:10     | Noticed an oklob plant
  9688 | D:10     | Killed Sonja
  9688 | D:10     | Reached XP level 11. HP: 101/101 MP: 14/14
  9738 | D:10     | Noticed Harold
  9763 | D:10     | Killed Harold
 10229 | D:10     | Noticed Nergalle
 10266 | D:9      | Reached skill level 10 in Long Blades
 10499 | D:10     | Found a roughly hewn altar of Beogh.
 10588 | D:10     | Killed Nergalle
 10753 | D:10     | Found a staircase to the Lair.
 11052 | D:11     | Found a staircase to the Orcish Mines.
 12127 | D:12     | Noticed a centaur warrior
 12142 | D:12     | Killed a centaur warrior
 12457 | D:12     | Noticed Josephine
 12472 | D:12     | Killed Josephine
 12472 | D:12     | Reached skill level 11 in Long Blades
 12559 | D:12     | Noticed Kirke
 12570 | D:12     | Noticed a harpy
 12570 | D:12     | Noticed a harpy
 12581 | D:12     | Slain by a harpy

Vault maps used:
D:1:      roderic_dead_forest
D:2:      minmay_roachtagon, marbit_many_paths, nicolae_overflow_crystal_walls,
          hex_large
D:3:      roderic_st_hans_cross, fountainhead, grunt_ministairs_13
D:4:      serial_shops, shop, first_bread, minmay_goblin_kobold_house,
          uniq_robin, uniq_pikel
D:5:      minmay_goblin_kobold_castle, lemuel_coloured_pillars_altar
D:6:      lightli_temple_of_fire, enter_ossuary_3
D:7:      uniq_duvessa
D:8:      old_standard_altar, uniq_joseph, uniq_gastronok
D:9:      cheibrodos_elevator_heist, nicolae_dithmenos_shadow_blocks,
          kennysheep_mini_moat, old_standard_altar,
          gammafunk_temple_overflow_pools
D:10:     dpeg_oklobed_lair, special_room, uniq_nergalle, uniq_harold,
          uniq_sonja
D:11:     orc_0_dummy
D:12:     david_nohive_1, uniq_rupert, uniq_josephine, uniq_kirke
Ossuary:  ossuary_zaba_flooded

Skill      XL: |  1  2  3  4  5  6  7  8  9 10 11 |
---------------+----------------------------------+-----
Long Blades    | 2 3 5 6 8 9 11 | 11.0
Fighting       | 3 4 5 6 7 8 |  8.0
Armour         | 3 4 5 6 8 |  8.0
Dodging        | 1 2 3 4 5 6 7 |  7.5
Shields        | 3 4 5 6 7 8 |  8.0

Action                   |  1- 3 |  4- 6 |  7- 9 | 10-12 || total
-------------------------+-------+-------+-------+-------++-------
Melee: Long sword        |   162 |   213 |   706 |   684 ||  1765
       Dagger            |       |       |     3 |       ||     3
       Unarmed           |       |       |       |     3 ||     3
Evoke: Wand              |       |       |       |     5 ||     5
  Use: Potion            |       |       |     1 |     5 ||     6
       Scroll            |       |       |       |    23 ||    23
 Stab: Paralysed         |       |       |       |     2 ||     2
       Distracted        |       |       |       |     1 ||     1
  Eat: Chunk             |    10 |     5 |    13 |    17 ||    45
       Fruit             |       |       |     2 |     3 ||     5
Armor: Scale mail        |    32 |       |       |       ||    32
       Plate armour      |   121 |   145 |   321 |       ||   587
       Chain mail        |       |       |       |   273 ||   273
Dodge: Dodged            |    47 |    38 |   184 |   289 ||   558
Block: Shield            |   105 |   125 |   371 |   462 ||  1063
       Rpst.: Long sword |    21 |    17 |    54 |    79 ||   171
